 Dungeon Crawl Stone Soup version 0.31-a0-1002-g8e65716e6e (webtiles) character file.

Game seed: 8072766632095923775

88 Chiseanne the Ducker (level 4, -2/30 HPs)
             Began as an Octopode Wanderer on Nov 9, 2023.
             Slain by Crazy Yiuf
             ... wielding a +3 quarterstaff of chaos
              (6 damage)
             ... on level 2 of the Dungeon.
             The game lasted 00:03:29 (1838 turns).

Chiseanne the Ducker (Octopode Wanderer)            Turns: 1838, Time: 00:03:31

Health: -2/30      AC:  1    Str: 13    XL:     4   Next: 53%
Magic:  5/13       EV: 14    Int: 13    God:
Gold:   67         SH:  0    Dex: 12    Spells: 3/3 levels left

rFire   . . .        a - +3 dagger
rCold   . . .        (no shield)
rNeg    . . .        (helmet restricted)
rPois   .            (no amulet)
rElec   .            k - ring of magical power
rCorr   .            (no ring)
SInv    .            (no ring)
Will    .....        (no ring)
Stlth   +            (no ring)
HPRegen 0.25/turn    (no ring)
MPRegen 0.13/turn    (no ring)
                     (no ring)

%: no passive effects
@: mighty, silenced
A: almost no armour, amphibious, 8 rings, camouflage 1, gelatinous body 1,
(nimble swimmer 1), tentacles
a: no special abilities


You were on level 2 of the Dungeon.
You visited 1 branch of the dungeon, and saw 2 of its levels.

You collected 67 gold pieces.

Inventory:

Hand Weapons
 a - a +3 dagger (weapon)
 s - a +0 heavy quarterstaff
Missiles
 b - a curare-tipped dart (quivered)
 f - 7 poisoned darts
 g - 19 stones
 j - 4 boomerangs
Jewellery
 k - a ring of magical power (left tentacle)
Wands
 d - a wand of flame (4)
 h - a wand of paralysis (4)
Scrolls
 e - 3 scrolls of blinking
Potions
 c - a potion of curing {unknown}
 m - a potion of mutation {unknown}


   Skills:
 * Level 2.7 Fighting
 - Level 3.0 Maces & Flails
 - Level 2.0 Throwing
 * Level 3.5 Dodging
 - Level 3.2 Evocations


You had 3 spell levels left.
You didn't know any spells.
Your spell library contained the following spells:

 Spells                   Type           Power      Damage    Failure   Level
 Magic Dart               Conj           0%         1d3       30%         1
 Shock                    Conj/Air       0%         1d3       30%         1
 Call Imp                 Summ           0%         N/A       43%         2
 Hailstorm                Conj/Ice       0%         3d3       67%         3
 Mephitic Cloud           Conj/Pois/Air  0%         N/A       67%         3
 Swiftness                Air            0%         N/A       67%         3
 Airstrike                Air            0%         2d(0-16)  97%         4
 Summon Ice Beast         Ice/Summ       0%         N/A       97%         4
 Simulacrum               Ice/Necr       0%         N/A       100%        6


Dungeon Overview and Level Annotations

Branches:
Dungeon (2/15)

Altars:

Annotations:
D:2 Crazy Yiuf


Innate Abilities, Weirdness & Mutations

You cannot wear most types of armour.
You are amphibious.
You can wear up to eight rings at the same time.
Your skin changes colour to match your surroundings (Stealth+).
Your rubbery body absorbs attacks. (AC +1, EV +1)
((You are camouflaged when in or above water. (Stealth+)))
You have tentacles for arms and can constrict up to eight enemies at once.


Message History

The endoplasm is lightly wounded.
The endoplasm barely misses you.
You hit the endoplasm. You tentacle-slap the endoplasm.
You squeeze the endoplasm.
You kill the endoplasm!
l - a scroll labelled XORPHUE GAKAWEB You open the door.
There is an open door here.
m - a silvery potion
There is an open door here.
Found a hammer.
Found a runed translucent door.
Crazy Yiuf shouts!
As you read the scroll labelled IWUNWA KEYPHE, it crumbles to dust.
You hear a loud clanging noise!
It was a scroll of noise.
As you read the scroll labelled XORPHUE GAKAWEB, it crumbles to dust.
A profound silence engulfs you.
It was a scroll of silence.
You open the door.
Throw: 4 darts (curare)
Press: ? - help, Q - select action, (/) - cycle Shift-Dir - straight line, f - Crazy Yiuf
Aim: Crazy Yiuf, wielding a +3 quarterstaff of chaos and wearing a +0 cloak (silenced, 60% to hit)
You throw a curare-tipped dart.
The curare-tipped dart barely misses Crazy Yiuf.
Crazy Yiuf hits you with a +3 quarterstaff of chaos!
You feel your power leaking away.
Throw: 3 darts (curare)
Press: ? - help, Q - select action, (/) - cycle Shift-Dir - straight line, f/p - Crazy Yiuf
Aim: Crazy Yiuf, wielding a +3 quarterstaff of chaos and wearing a +0 cloak (silenced, 60% to hit)
You throw a curare-tipped dart.
The curare-tipped dart barely misses Crazy Yiuf.
Crazy Yiuf hits you with a +3 quarterstaff of chaos!
* * * LOW HITPOINT WARNING * * *
You feel very mighty all of a sudden.
Throw: 2 darts (curare)
Press: ? - help, Q - select action, (/) - cycle Shift-Dir - straight line, f/p - Crazy Yiuf
Aim: Crazy Yiuf, wielding a +3 quarterstaff of chaos and wearing a +0 cloak (silenced, 60% to hit)
You throw a curare-tipped dart.
The curare-tipped dart closely misses Crazy Yiuf.
Crazy Yiuf hits you with a +3 quarterstaff of chaos.
You die...

##.#......................##.#.#
#.........†.........#....##.#.#
################.#####....##.#.#
........# ### ###.....#.#
.####.### #######.## .#
#.######### #........# .#
#..#.#..#.### ### #######..# .#
##.......#..##...# ######..# .#
#....P.####@g..(# ......... .#
##..#P## ###..)# .######.. .#
###### ### #.####.. .# #....#..
## #.##.#.. ##############
#..#.#.. ## #............#
#..#)#.. .####### #............#
#....)†. .......##
######.......#.####.###


You could see Crazy Yiuf.

Vanquished Creatures
  Robin (D:2)
  An adder (D:2)
  2 dart slugs (D:1)
  A worm (D:2)
  6 endoplasms
  7 hobgoblins
  4 jackals (D:1)
  3 kobolds
  3 quokkas
  3 ball pythons
  2 bats (D:2)
  4 frilled lizards
  15 goblins
  3 rats (D:1)
55 creatures vanquished.

Notes
Turn   | Place    | Note
-------+----------+-------------------------------------------
     0 | D:1      | Chiseanne the Octopode Wanderer began the quest for the
                  | Orb.
     0 | D:1      | Chiseanne set off with the following items: a +2 dagger, 4
                  | curare-tipped darts, a +0 mace, a wand of flame (4), a
                  | scroll of blinking.
     0 | D:1      | Reached XP level 1. HP: 11/11 MP: 1/1
   159 | D:1      | Reached skill level 1 in Fighting
   159 | D:1      | Reached XP level 2. HP: 14/18 MP: 2/2
   587 | D:1      | Reached XP level 3. HP: 23/23 MP: 3/3
  1113 | D:2      | Noticed Robin
  1187 | D:2      | Reached XP level 4. HP: 24/29 MP: 4/4
  1224 | D:2      | Killed Robin
  1829 | D:2      | Found a runed translucent door.
  1830 | D:2      | Noticed Crazy Yiuf
  1838 | D:2      | Slain by Crazy Yiuf

Illustrated notes

Levels and vault maps discovered:
D:1:      lightli_arrival_lavapool, layout_basic
D:2:      layout_basic, minmay_pentomino_o2, uniq_crazy_yiuf_cottage, uniq_robin

Skill      XL: |  1  2  3 |
---------------+----------+-----
Fighting       | 1 2 |  2.7
Dodging        | 3 |  3.5
Maces & Flails | |  3.0
Throwing       | |  2.0
Evocations     | |  3.2

Action                     |  1- 3 |  4- 6 || total
---------------------------+-------+-------++-------
  Melee: Dagger            |    77 |    32 ||   109
         Tentacles         |    14 |     4 ||    18
         Constrict         |    19 |     6 ||    25
         Punch             |       |     2 ||     2
  Throw: Dart              |       |     4 ||     4
    Use: Scroll            |     3 |     2 ||     5
   Stab: Sleeping          |     8 |       ||     8
 Armour: Skin              |    25 |    11 ||    36
  Dodge: Dodged            |    46 |    20 ||    66

Table legend: (Time is in decaauts)
 A = Elapsed time spent in this place.
 B = Non-inter-level travel time spent in this place.
 C = Inter-level travel time spent in this place.
 D = Time resting spent in this place.
 E = Time spent auto-exploring this place.
 F = Levels seen in this place.
 G = Mean time per level.
                   A        B        C        D        E       F      G
               +--------+--------+--------+--------+--------+-----+--------+
         Total |   1836 |   1725 |    111 |     42 |   1299 |   2 |  918.0 |
       Dungeon |   1836 |   1725 |    111 |     42 |   1299 |   2 |  918.0 |
               +--------+--------+--------+--------+--------+-----+--------+

Top non-repeatable levels by time:
     D:1: 960 daAuts
     D:2: 876 daAuts
